SA
PUT-IN-BAY BC @ HOGSMEADE CAULDRONS
07/26/2031
 
TOP OF THE 1ST
Put-In-Bay BC batting - Pitching for Hogsmeade Cauldrons : RHP Chris Hughes
Pitching: RHP Chris Hughes
Batting: RHB Mario Ch嫛ez 0-0: Ball
1-0: Called Strike
1-1: Foul Ball, location: 2F
1-2: Strikes out swinging
Batting: RHB Steve Albright 0-0: Ball
1-0: Foul Ball, location: 2F
1-1: Fly out, F9 (Flyball, 9LSF)
Batting: RHB Steven Rohrs 0-0: Ground out 5-3 (Groundball, 56S)
Top of the 1st over - 0 runs, 0 hits, 0 errors, 0 left on base; Put-In-Bay 0 - Hogsmeade 0
BOTTOM OF THE 1ST
Hogsmeade Cauldrons batting - Pitching for Put-In-Bay BC : RHP Jin-guo Quan
Pitching: RHP Jin-guo Quan
Batting: RHB Nelson Rivera 0-0: Ball
1-0: Called Strike
1-1: Foul Ball, location: 2F
1-2: Ground out 6-3 (Groundball, 6S)
Batting: RHB Charles Basle 0-0: Ball
1-0: Foul Ball, location: 2F
1-1: Foul Ball, location: 2F
1-2: Ball
2-2: Strikes out swinging
Batting: RHB Mariano Saelices 0-0: Fly out, F9 (Flyball, 9D)
Bottom of the 1st over - 0 runs, 0 hits, 0 errors, 0 left on base; Put-In-Bay 0 - Hogsmeade 0
TOP OF THE 2ND
Put-In-Bay BC batting - Pitching for Hogsmeade Cauldrons : RHP Chris Hughes
Batting: RHB Eli Cline 0-0: Called Strike
0-1: Ball
1-1: Swinging Strike
1-2: Ball
2-2: Ball
3-2: Foul Ball, location: 2F
3-2: SINGLE (Groundball, 56D)
Batting: SHB Yushua Harith 0-0: Called Strike
0-1: Ball
1-1: Foul Ball, location: 2F
1-2: Strikes out swinging
Batting: RHB Al Grant 0-0: Ball
1-0: Fly out, F7 (Flyball, 7)
Batting: RHB Oscar McMillan 0-0: Ball
1-0: Ball
2-0: Called Strike
2-1: Called Strike
2-2: Ground out 1-3 (Groundball, P)
Top of the 2nd over - 0 runs, 1 hit, 0 errors, 1 left on base; Put-In-Bay 0 - Hogsmeade 0
BOTTOM OF THE 2ND
Hogsmeade Cauldrons batting - Pitching for Put-In-Bay BC : RHP Jin-guo Quan
Batting: LHB Bartolo Trejo 0-0: SINGLE (Groundball, 25) (infield hit)
Batting: LHB Ewan Manshert Pickoff Throw to First - Out!
0-0: Ball
1-0: Called Strike
1-1: Ball
2-1: SINGLE (Groundball, 34D)
Batting: RHB Panas Pletnev 0-0: Ball
1-0: Called Strike
1-1: Foul Ball, location: 2F
1-2: Ball
2-2: Ball
3-2: Ground out 5-3 (Groundball, 25)
Ewan Manshert to second
Batting: LHB Pedro Reyes 0-0: Swinging Strike
0-1: Ball
1-1: Foul Ball, location: 2F
1-2: Ball
2-2: Strikes out swinging
Bottom of the 2nd over - 0 runs, 2 hits, 0 errors, 1 left on base; Put-In-Bay 0 - Hogsmeade 0
TOP OF THE 3RD
Put-In-Bay BC batting - Pitching for Hogsmeade Cauldrons : RHP Chris Hughes
Batting: RHB 翼ex Maroto 0-0: Called Strike
0-1: Called Strike
0-2: Ball
1-2: Ground out 5-3 (Groundball, 56)
Batting: RHB Vic Funnell 0-0: Called Strike
0-1: Ball
1-1: Ground out 5-3 (Groundball, 56)
Batting: RHB Mario Ch嫛ez 0-0: Ball
1-0: Ball
2-0: Ball
3-0: Called Strike
3-1: Foul Ball, location: 2F
3-2: SINGLE (Groundball, 34D)
Batting: RHB Steve Albright 0-0: Fly out, F6 (Popup, 6MS)
Top of the 3rd over - 0 runs, 1 hit, 0 errors, 1 left on base; Put-In-Bay 0 - Hogsmeade 0
BOTTOM OF THE 3RD
Hogsmeade Cauldrons batting - Pitching for Put-In-Bay BC : RHP Jin-guo Quan
Batting: RHB Manyara Akintola 0-0: SOLO HOME RUN (Flyball, 89XD), Distance : 439 ft
Batting: RHB Jean Couturier 0-0: Foul Ball, location: 2F
0-1: Ball
1-1: Ball
2-1: Ball
3-1: Swinging Strike
3-2: Ground out U3 (Groundball, 34S)
Batting: RHB Nelson Rivera 0-0: Called Strike
0-1: SINGLE (Line Drive, 8LS)
Batting: RHB Charles Basle 0-0: Ball
Nelson Rivera steals 2nd base
1-0: Called Strike
1-1: Ground out 1-3 (Groundball, 13S)
Nelson Rivera to third
Batting: RHB Mariano Saelices 0-0: Fly out, F9 (Flyball, 9LM)
Bottom of the 3rd over - 1 run, 2 hits, 0 errors, 1 left on base; Put-In-Bay 0 - Hogsmeade 1
TOP OF THE 4TH
Put-In-Bay BC batting - Pitching for Hogsmeade Cauldrons : RHP Chris Hughes
Batting: RHB Steven Rohrs 0-0: Called Strike
0-1: Swinging Strike
0-2: Ball
1-2: Fly out, F7 (Flyball, 7LD)
Batting: RHB Eli Cline 0-0: Called Strike
0-1: Ball
1-1: Ball
2-1: Ball
3-1: Swinging Strike
3-2: Foul Ball, location: 2F
3-2: Foul Ball, location: 2F
3-2: Base on Balls
Batting: SHB Yushua Harith 0-0: Ball
1-0: Ball
2-0: Ball
3-0: Called Strike
3-1: Fly out, F8 (Flyball, 8RD)
Batting: RHB Al Grant 0-0: Ball
1-0: Called Strike
1-1: Swinging Strike
1-2: Strikes out looking
Top of the 4th over - 0 runs, 0 hits, 0 errors, 1 left on base; Put-In-Bay 0 - Hogsmeade 1
BOTTOM OF THE 4TH
Hogsmeade Cauldrons batting - Pitching for Put-In-Bay BC : RHP Jin-guo Quan
Batting: LHB Bartolo Trejo 0-0: Swinging Strike
0-1: Swinging Strike
0-2: Ball
1-2: Strikes out looking
Batting: LHB Ewan Manshert 0-0: Swinging Strike
0-1: Swinging Strike
0-2: Foul Ball, location: 2F
0-2: Ball
1-2: Foul Ball, location: 2F
1-2: Strikes out swinging
Batting: RHB Panas Pletnev 0-0: Ball
1-0: Ball
2-0: Ball
3-0: Base on Balls
Batting: LHB Pedro Reyes 0-0: Called Strike
0-1: Ball
1-1: Ball
2-1: Foul Ball, location: 2F
2-2: SINGLE (Groundball, 56D)
Panas Pletnev to second
Batting: RHB Manyara Akintola 0-0: Fly out, F3 (Popup, 34S)
Bottom of the 4th over - 0 runs, 1 hit, 0 errors, 2 left on base; Put-In-Bay 0 - Hogsmeade 1
TOP OF THE 5TH
Put-In-Bay BC batting - Pitching for Hogsmeade Cauldrons : RHP Chris Hughes
Batting: RHB Oscar McMillan 0-0: Swinging Strike
0-1: Ball
1-1: Fly out, F8 (Line Drive, 8LD)
Batting: RHB 翼ex Maroto 0-0: Foul Ball, location: 2F
0-1: Called Strike
0-2: Strikes out looking
Batting: RHB Vic Funnell 0-0: Ball
1-0: Ball
2-0: Called Strike
2-1: Swinging Strike
2-2: SINGLE (Groundball, 4MD)
Batting: RHB Mario Ch嫛ez 0-0: Swinging Strike
0-1: Ground out 4-3 (Groundball, 34)
Top of the 5th over - 0 runs, 1 hit, 0 errors, 1 left on base; Put-In-Bay 0 - Hogsmeade 1
BOTTOM OF THE 5TH
Hogsmeade Cauldrons batting - Pitching for Put-In-Bay BC : RHP Jin-guo Quan
Batting: RHB Jean Couturier 0-0: Ball
1-0: Foul Ball, location: 2F
1-1: Swinging Strike
1-2: Strikes out swinging
Batting: RHB Nelson Rivera 0-0: Ball
1-0: SINGLE (Groundball, 56D)
Batting: RHB Charles Basle 0-0: Called Strike
0-1: Swinging Strike
0-2: Fly out, F7 (Flyball, 7S)
Batting: RHB Mariano Saelices 0-0: Ball
1-0: Fly out, F7 (Flyball, 78XD)
Bottom of the 5th over - 0 runs, 1 hit, 0 errors, 1 left on base; Put-In-Bay 0 - Hogsmeade 1
TOP OF THE 6TH
Put-In-Bay BC batting - Pitching for Hogsmeade Cauldrons : RHP Chris Hughes
Batting: RHB Steve Albright 0-0: DOUBLE (Line Drive, 7LD)
Batting: RHB Steven Rohrs 0-0: Ball
1-0: Foul Ball, location: 2F
1-1: Called Strike
1-2: Ground out 4-3 (Groundball, 4)
Steve Albright to third
Batting: RHB Eli Cline 0-0: Ball
1-0: SINGLE (Line Drive, 34)
Steve Albright scores
Batting: SHB Yushua Harith 0-0: Ball
1-0: Foul Ball, location: 2F
1-1: Foul Ball, location: 2F
1-2: Ball
2-2: Foul Ball, location: 2F
2-2: Strikes out swinging
Batting: RHB Al Grant 0-0: SINGLE (Line Drive, 7LM)
Eli Cline to second
Batting: RHB Oscar McMillan 0-0: Called Strike
0-1: Ball
1-1: Fielders Choice at 2nd, 6-4 (Groundball, 6)
Top of the 6th over - 1 run, 3 hits, 0 errors, 2 left on base; Put-In-Bay 1 - Hogsmeade 1
BOTTOM OF THE 6TH
Hogsmeade Cauldrons batting - Pitching for Put-In-Bay BC : RHP Jin-guo Quan
Batting: LHB Bartolo Trejo 0-0: Ground out 6-3 (Groundball, 6M)
Batting: LHB Ewan Manshert 0-0: Ball
1-0: Foul Ball, location: 2F
1-1: Called Strike
1-2: Foul Ball, location: 2F
1-2: Foul Ball, location: 2F
1-2: Ball
2-2: Ball
3-2: Strikes out swinging
Batting: RHB Panas Pletnev 0-0: Ball
1-0: Ball
2-0: Swinging Strike
2-1: Bunt for hit - play at first, batter safe!
Batting: LHB Pedro Reyes 0-0: Ball
1-0: Fly out, F9 (Flyball, 9S)
Bottom of the 6th over - 0 runs, 1 hit, 0 errors, 1 left on base; Put-In-Bay 1 - Hogsmeade 1
TOP OF THE 7TH
Put-In-Bay BC batting - Pitching for Hogsmeade Cauldrons : RHP Chris Hughes
Pinch Hitting: LHB Pablo Mart璯ez 0-0: Fly out, F8 (Flyball, 8LM)
Pinch Hitting: SHB 聲gel Venegas 0-0: Ball
1-0: Ball
2-0: SINGLE (Flyball, 9LS)
Pinch Hitting: RHB Mike Elzey 0-0: Foul Ball, location: 2F
0-1: Ball
1-1: Ball
2-1: Fly out, F8 (Flyball, 8LS)
Batting: RHB Steve Albright 0-0: Ball
1-0: Ball
2-0: Called Strike
2-1: Swinging Strike
2-2: Ball
3-2: Hit by Pitch
聲gel Venegas to second
Batting: RHB Steven Rohrs 0-0: Called Strike
0-1: Ball
1-1: Foul Ball, location: 2F
1-2: Ball
2-2: Foul Ball, location: 2F
2-2: Foul Ball, location: 2F
2-2: Foul Ball, location: 2F
2-2: Foul Ball, location: 2F
2-2: Foul Ball, location: 2F
2-2: SINGLE (Groundball, 34D)
聲gel Venegas to third
Steve Albright to second
Runner from 3rd tries for Home, SAFE, no throw
Pitching: LHP Maximiano Mealha
Batting: RHB Eli Cline 0-0: Ball
1-0: Called Strike
1-1: Fielders Choice at 2nd, 6-4 (Groundball, 6)
Top of the 7th over - 1 run, 2 hits, 0 errors, 2 left on base; Put-In-Bay 2 - Hogsmeade 1
BOTTOM OF THE 7TH
Hogsmeade Cauldrons batting - Pitching for Put-In-Bay BC : RHP Jin-guo Quan
Now at SS: Sang-hyuk Han
Now in LF: 聲gel Venegas
Now in CF: Mike Elzey
Batting: RHB Manyara Akintola 0-0: Foul Ball, location: 2F
0-1: Fly out, F4 (Popup, 4MS)
Batting: RHB Jean Couturier 0-0: Ball
1-0: Ball
2-0: Ball
3-0: Foul Ball, location: 2F
3-1: Base on Balls
Batting: RHB Nelson Rivera 0-0: Foul Ball, location: 2F
0-1: Foul Ball, location: 2F
0-2: Foul Ball, location: 2F
0-2: Ball
1-2: Strikes out swinging
Batting: RHB Charles Basle 0-0: Ball
1-0: Fielders Choice at 2nd, 5-4 (Groundball, 5)
Bottom of the 7th over - 0 runs, 0 hits, 0 errors, 1 left on base; Put-In-Bay 2 - Hogsmeade 1
TOP OF THE 8TH
Put-In-Bay BC batting - Pitching for Hogsmeade Cauldrons : LHP Maximiano Mealha
Batting: SHB Yushua Harith 0-0: Called Strike
0-1: Swinging Strike
0-2: Ball
1-2: Strikes out swinging
Batting: RHB Al Grant 0-0: Foul Ball, location: 2F
0-1: Called Strike
0-2: Ball
1-2: Ball
2-2: Strikes out looking
Batting: RHB Oscar McMillan 0-0: Ball
1-0: Foul Ball, location: 2F
1-1: Called Strike
1-2: Ball
2-2: Foul Ball, location: 2F
2-2: Strikes out looking
Top of the 8th over - 0 runs, 0 hits, 0 errors, 0 left on base; Put-In-Bay 2 - Hogsmeade 1
BOTTOM OF THE 8TH
Hogsmeade Cauldrons batting - Pitching for Put-In-Bay BC : RHP Jin-guo Quan
Batting: RHB Mariano Saelices 0-0: Fly out, F8 (Flyball, 8LD)
Batting: LHB Bartolo Trejo 0-0: Ball
1-0: Fly out, F8 (Flyball, 78D)
Batting: LHB Ewan Manshert 0-0: Called Strike
0-1: Foul Ball, location: 2F
0-2: Strikes out looking
Bottom of the 8th over - 0 runs, 0 hits, 0 errors, 0 left on base; Put-In-Bay 2 - Hogsmeade 1
TOP OF THE 9TH
Put-In-Bay BC batting - Pitching for Hogsmeade Cauldrons : LHP Maximiano Mealha
Batting: RHB Sang-hyuk Han 0-0: Called Strike
0-1: Called Strike
0-2: Strikes out swinging
Batting: SHB 聲gel Venegas 0-0: Called Strike
0-1: Ball
1-1: Ball
2-1: Ground out 5-3 (Groundball, 56)
Batting: RHB Mike Elzey 0-0: Ball
1-0: Foul Ball, location: 2F
1-1: Ball
2-1: Swinging Strike
2-2: Strikes out swinging
Top of the 9th over - 0 runs, 0 hits, 0 errors, 0 left on base; Put-In-Bay 2 - Hogsmeade 1
BOTTOM OF THE 9TH
Hogsmeade Cauldrons batting - Pitching for Put-In-Bay BC : RHP Jin-guo Quan
Pitching: RHP Tupac Blanch
Batting: RHB Panas Pletnev 0-0: Called Strike
0-1: Foul Ball, location: 2F
0-2: Ball
1-2: Ball
2-2: Strikes out swinging
Batting: LHB Pedro Reyes 0-0: Ball
1-0: SINGLE (Flyball, 8RS)
Batting: RHB Manyara Akintola 0-0: Called Strike
0-1: Fly out, F9 (Flyball, 9S)
Batting: RHB Jean Couturier 0-0: Called Strike
0-1: Ball
1-1: Swinging Strike
1-2: Foul Ball, location: 2F
1-2: Strikes out swinging
Bottom of the 9th over - 0 runs, 1 hit, 0 errors, 1 left on base; Put-In-Bay 2 - Hogsmeade 1
Tuesday, June 12th, 2018 - OOTP Baseball 18.8 Build 76